 Dungeon Crawl Stone Soup version 0.31.0-11-ge490571c62 (webtiles) character file.

Game seed: 10614296151528564044

1 Flugkiller the Chiller (level 1, 9/9 HPs)
             Began as a Vine Stalker Ice Elementalist on Feb 1, 2024.
             Quit the game on level 1 of the Dungeon.
             The game lasted 00:00:20 (53 turns).

Flugkiller the Chiller (VSIE)                         Turns: 53, Time: 00:00:21

Health: 9/9        AC:  2    Str: 10    XL:     1   Next: 20%
Magic:  1/4        EV: 12    Int: 15    God:
Gold:   16         SH:  0    Dex: 14    Spells: 3/4 levels left

rFire   . . .        (no weapon)
rCold   . . .        (no shield)
rNeg    . . .        a - +0 robe
rPois   .            (no helmet)
rElec   .            (no cloak)
rCorr   .            (no gloves)
SInv    .            (no boots)
Will    .....        (no amulet)
Stlth   ++           (no ring)
HPRegen 1.01/turn    (no ring)
MPRegen 0.09/turn

%: guardian spirit
@: no status effects
A: fangs 2, regeneration 1, magic shield, antimagic bite, no potion heal 2
a: no special abilities


You were on level 1 of the Dungeon.
You visited 1 branch of the dungeon, and saw 1 of its levels.

You collected 16 gold pieces.

Inventory:

Armour
 a - a +0 robe (worn)
Scrolls
 c - a scroll of immolation {unknown}
Potions
 b - a potion of magic
 d - 2 potions of heal wounds {unknown}
 e - a potion of curing {unknown}


   Skills:
 - Level 1.5 Dodging
 - Level 2.4 Stealth
 + Level 2.2 Spellcasting
 + Level 4.0 Ice Magic


You had 3 spell levels left.
You knew the following spells:

 Your Spells              Type           Power      Damage    Failure   Level
a - Freeze                Ice            52%        1d6       4%          1

Your spell library contained the following spells:

 Spells                   Type           Power      Damage    Failure   Level
 Frozen Ramparts          Ice            26%        1d4       12%         3
 Ozocubu's Armour         Ice            13%        N/A       12%         3
 Summon Ice Beast         Ice/Summ       7%         N/A       28%         3


Dungeon Overview and Level Annotations

Branches:
Dungeon (1/15) Zot: 5947

Altars:


Innate Abilities, Weirdness & Mutations

You have extremely sharp teeth.
Your natural rate of healing is unusually fast.
When hurt, damage is shared between your health and your magic reserves.
Your bite disrupts and absorbs the magic of your enemies.
Potions cannot restore your health.


Message History

Welcome, Flugkiller the Vine Stalker Ice Elementalist.
Below lies the Orb of Zot, rumoured to be powerful enough to resurrect a god...
Press ? for a list of commands and other information.
Found a faded altar of an unknown god.
Found two stairs.
You open the door.
There is an open door here.
You open the door.
Found a scroll labelled GIUXKU CYIC.
Found 7 gold pieces.
c - a scroll labelled GIUXKU CYIC You now have 7 gold pieces.
Found 2 yellow potions.
d - 2 yellow potions
Found a lumpy purple potion.
An endoplasm comes into view.
Found a spear.
Casting: Freeze (safe; 4% risk of failure)
Confirm with . or Enter, or press ? or * to list all spells.
You can't see any susceptible monsters within range! (Use Z to cast anyway.)
Casting: Freeze (safe; 4% risk of failure)
Confirm with . or Enter, or press ? or * to list all spells.
You can't see any susceptible monsters within range! (Use Z to cast anyway.)
Casting: Freeze (safe; 4% risk of failure)
Confirm with . or Enter, or press ? or * to list all spells.
Aiming: Freeze (safe; 4% risk of failure)
Press: ? - help, Shift-Dir - straight line, f - endoplasm
Aim: an endoplasm (asleep)
You freeze the endoplasm.
The endoplasm quivers.
The endoplasm is moderately wounded.
The endoplasm freezes you.
You are frozen.
Casting: Freeze (safe; 4% risk of failure)
Confirm with . or Enter, or press ? or * to list all spells.
Aiming: Freeze (safe; 4% risk of failure)
Press: ? - help, Shift-Dir - straight line, f/p - endoplasm
Aim: an endoplasm (moderately wounded)
You freeze the endoplasm.
The endoplasm is heavily wounded.
The endoplasm freezes you.
You are frozen.
Casting: Freeze (safe; 4% risk of failure)
Confirm with . or Enter, or press ? or * to list all spells.
You don't have enough magic to cast this spell.
You hit the endoplasm.
You punch the endoplasm, but do no damage.
You bite the endoplasm.
You kill the endoplasm!
e - a lumpy purple potion You now have 16 gold pieces (gained 9).
You see here a +0 spear.
Are you sure you want to abandon this character and quit the game? (Confirm with "yes".)

### #.. #.# #.# .#
#.##.#.## ####
#.@....##.#...
#.#..####.#..#
#.#.## #.....#
#.#.###.# #..# ####
#)#.##.# #.###...
#......## #.....##
#.......# ##.######
#....###.##.#######
#...## #...##8.8#.


There were no monsters in sight!

Vanquished Creatures
  An endoplasm (D:1)
1 creature vanquished.

Notes
Turn   | Place    | Note
-------+----------+-------------------------------------------
     0 | D:1      | Flugkiller the Vine Stalker Ice Elementalist began the
                  | quest for the Orb.
     0 | D:1      | Reached XP level 1. HP: 9/9 MP: 4/4
    53 | D:1      | Quit the game

Illustrated notes

Levels and vault maps discovered:
D:1:      spicycebolla_arrival_ecumenical, layout_loops_ring

Action                     || total
---------------------------++-------
  Melee: Unarmed           ||     1
         Punch             ||     1
         Bite              ||     1
   Cast: Freeze            ||     2
